 Dungeon Crawl Stone Soup version 0.31.0-11-ge490571c62 (webtiles) character file.

Game seed: 18196599816841314466

245 qw the Shooter (level 5, -2/25 HPs)
             Began as a Spriggan Hunter on Feb 4, 2024.
             Slain by Ijyb
             ... wielding a +0 dagger
              (3 damage)
             ... on level 3 of the Dungeon.
             The game lasted 00:00:19 (1793 turns).

qw the Shooter (Spriggan Hunter)                    Turns: 1793, Time: 00:00:19

Health: -2/25      AC:  6    Str:  7    XL:     5   Next: 83%
Magic:  6/6        EV: 20    Int: 11    God:
Gold:   85         SH:  0    Dex: 20    Spells: 4/4 levels left

rFire   . . .        a - +0 shortbow
rCold   . . .        (shield currently unavailable)
rNeg    . . .        c - +0 robe
rPois   +            (helmet restricted)
rElec   .            (no cloak)
rCorr   .            (gloves unavailable)
SInv    +            (boots unavailable)
Will    .....        (no amulet)
Stlth   ++           h - ring of poison resistance
HPRegen 0.24/turn    f - +4 ring of protection
MPRegen 0.10/turn

%: no passive effects
@: very quick
A: very small, no large weapons, unfitting armour, see invisible, speed 3
a: no special abilities


You were on level 3 of the Dungeon.
You visited 1 branch of the dungeon, and saw 3 of its levels.

You collected 85 gold pieces.


Innate Abilities, Weirdness & Mutations

You are very small and have problems with some larger weapons.
You are too small for most types of armour.
You have supernaturally acute eyesight. (SInv)
You cover ground extremely quickly. (Speed+++)


   Skills:
 - Level 1.5 Fighting
 - Level 6.5 Ranged Weapons
 + Level 4.7 Dodging
 - Level 1.5 Stealth


You had 4 spell levels left.
You didn't know any spells.
Your spell library was empty.

Inventory:

Hand Weapons
 a - a +0 shortbow (weapon)
Armour
 c - a +0 robe (worn)
Jewellery
 f - a +4 ring of protection (right hand)
 h - a ring of poison resistance (left hand)
 Y - a ring of protection from fire
Wands
 b - a wand of polymorph (6)
Scrolls
 d - a scroll of fear {unknown}
 e - a scroll of enchant armour {unknown}
 g - a scroll of immolation {unknown}
Potions
 i - a potion of might

Dungeon Overview and Level Annotations

Branches:
Dungeon (3/15)

Altars:

Annotations:
D:3 Ijyb


Message History

The arrow hits Terence but does no damage.
Terence is severely wounded.
Terence hits you with a +0 flail! The goblin misses you.
Ijyb closely misses you.
You shoot an arrow. The arrow closely misses Terence.
Terence closely misses you. The goblin hits you but does no damage.
Ijyb hits you with a +0 dagger.
You shoot an arrow. The arrow completely misses Terence.
Terence closely misses you. The goblin closely misses you.
Ijyb hits you but does no damage.
You shoot an arrow. The arrow hits Terence.
Terence is almost dead.
Terence hits you with a +0 flail. The goblin barely misses you.
Ijyb hits you but does no damage.
You shoot an arrow. The arrow hits Terence!
You kill Terence!
Ijyb completely misses you. The goblin barely misses you.
You shoot an arrow. The arrow hits Ijyb.
Ijyb is lightly wounded.
Ijyb hits you but does no damage. The goblin misses you.
You shoot an arrow. The arrow hits Ijyb.
Ijyb is moderately wounded.
Ijyb closely misses you. The goblin misses you.
You shoot an arrow. The arrow closely misses Ijyb.
Ijyb screams, "No!
No, no, no, no!"
Ijyb hits you but does no damage. The goblin completely misses you.
Ijyb closely misses you. The goblin misses you.
You shoot an arrow. The arrow hits Ijyb.
Ijyb is moderately wounded.
Ijyb hits you with a +0 dagger. The goblin barely misses you.
You shoot an arrow. The arrow hits Ijyb but does no damage.
Ijyb is moderately wounded.
Ijyb misses you. The goblin misses you.
You shoot an arrow. The arrow closely misses Ijyb.
Ijyb hits you with a +0 dagger. The goblin completely misses you.
You shoot an arrow. The arrow barely misses Ijyb.
Ijyb hits you but does no damage. The goblin hits you with a +0 club.
You shoot an arrow. The arrow closely misses Ijyb.
Ijyb hits you with a +0 dagger.
You die...

......##......< .......
..... ## ......###..#
... .......#...### #.#
......<...)..# #..#
.............# #..#
....).).[..%.# #..###:
.............####g......
.............#..@g......
.............#.##)......
.............#.# .......
...............# .......
.....#........## .......
.....#######..# .......
#...# $...... #...#
....!.. #...#


You could see Ijyb and a goblin.

Vanquished Creatures
  Sigmund (D:3)
  Terence (D:3)
  An adder (D:3)
  A dart slug (D:1)
  6 orcs
  2 bats
  7 endoplasms
  A giant cockroach (D:2)
  3 goblins
  6 hobgoblins
  7 jackals
  4 kobolds
  3 ball pythons
  2 frilled lizards
  3 rats (D:2)
48 creatures vanquished.

Notes
Turn   | Place    | Note
-------+----------+-------------------------------------------
     0 | D:1      | qw the Spriggan Hunter began the quest for the Orb.
     0 | D:1      | Reached XP level 1. HP: 10/10 MP: 2/2
     0 | D:1      | 0 ||| qw: Version: 0.3-a-160-g6735b56
     0 | D:1      | 0 ||| qw: Game counter: 5470
     0 | D:1      | 0 ||| qw: Melee chars always use a shield: true
     0 | D:1      | 0 ||| qw: God list: Okawaru
     0 | D:1      | 0 ||| qw: Allow faded altars: false
     0 | D:1      | 0 ||| qw: Do Orc after clearing Dungeon:15 true
     0 | D:1      | 0 ||| qw: Do second Lair branch before Depths: true
     0 | D:1      | 0 ||| qw: Lair rune preference: random
     0 | D:1      | 0 ||| qw: Goals: Normal
     0 | D:1      | 0 ||| PLANNING D:1-11
    28 | D:1      | Reached skill level 3 in Dodging
   201 | D:1      | Reached XP level 2. HP: 14/14 MP: 3/3
   721 | D:1      | 721 ||| READING 2 scrolls labelled OLAOZA KIROTZ.
   721 | D:1      | 721 ||| IDENTIFYING sedimented brown potion
   722 | D:1      | 722 ||| READING scroll of identify.
   722 | D:1      | 722 ||| IDENTIFYING bubbling clear potion
   723 | D:1      | 723 ||| DROPPING scroll of butterflies.
   724 | D:1      | 724 ||| DROPPING potion of brilliance.
   725 | D:1      | 725 ||| DROPPING potion of attraction.
   757 | D:2      | Identified the +2 ring mail of Perfidy {*Slow Str+5}
  1076 | D:2      | Reached XP level 3. HP: 18/18 MP: 4/4
  1274 | D:2      | 1274 ||| UPGRADING to +4 ring of protection.
  1275 | D:2      | 1275 ||| UPGRADING to ring of protection from fire.
  1276 | D:2      | 1276 ||| UPGRADING to ring of poison resistance.
  1278 | D:2      | 1278 ||| UPGRADING to +4 ring of protection.
  1280 | D:2      | 1280 ||| READING 2 scrolls of identify.
  1280 | D:2      | 1280 ||| IDENTIFYING fizzy amethyst potion
  1281 | D:2      | 1281 ||| READING scroll of identify.
  1281 | D:2      | 1281 ||| IDENTIFYING golden potion
  1282 | D:2      | 1282 ||| READING scroll labelled ROGEDA YKLI.
  1283 | D:2      | 1283 ||| DRINKING 2 grey potions.
  1284 | D:2      | 1284 ||| DROPPING potion of lignification.
  1309 | D:3      | 1309 ||| STAIRDANCE
  1317 | D:3      | 1317 ||| STAIRDANCE
  1340 | D:3      | Noticed Sigmund
  1341 | D:3      | 1341 ||| STAIRDANCE
  1377 | D:3      | 1377 ||| STAIRDANCE
  1379 | D:2      | 1379 ||| DRINKING potion of curing.
  1379 | D:2      | 1379 ||| (to cure confusion)
  1385 | D:3      | 1385 ||| STAIRDANCE
  1385 | D:3      | HP: 4/18 [Sigmund/+0 scythe of venom (5)]
  1449 | D:3      | 1449 ||| STAIRDANCE
  1462 | D:3      | 1462 ||| STAIRDANCE
  1468 | D:3      | 1468 ||| STAIRDANCE
  1475 | D:3      | 1475 ||| STAIRDANCE
  1477 | D:2      | 1477 ||| FLEEEEING.
  1478 | D:2      | 1478 ||| FLEEEEING.
  1479 | D:2      | 1479 ||| FLEEEEING.
  1480 | D:2      | 1480 ||| FLEEEEING.
  1481 | D:2      | 1481 ||| FLEEEEING.
  1482 | D:2      | 1482 ||| FLEEEEING.
  1483 | D:2      | 1483 ||| FLEEEEING.
  1484 | D:2      | 1484 ||| FLEEEEING.
  1485 | D:2      | 1485 ||| FLEEEEING.
  1486 | D:2      | 1486 ||| FLEEEEING.
  1487 | D:2      | 1487 ||| FLEEEEING.
  1488 | D:2      | 1488 ||| FLEEEEING.
  1489 | D:2      | 1489 ||| FLEEEEING.
  1490 | D:2      | 1490 ||| STAIRDANCE
  1555 | D:3      | 1555 ||| STAIRDANCE
  1588 | D:3      | 1588 ||| STAIRDANCE
  1589 | D:3      | 1589 ||| STAIRDANCE
  1591 | D:2      | 1591 ||| FLEEEEING.
  1592 | D:2      | 1592 ||| FLEEEEING.
  1593 | D:2      | 1593 ||| FLEEEEING.
  1594 | D:2      | 1594 ||| FLEEEEING.
  1595 | D:2      | 1595 ||| FLEEEEING.
  1596 | D:2      | 1596 ||| FLEEEEING.
  1597 | D:2      | 1597 ||| FLEEEEING.
  1598 | D:2      | 1598 ||| FLEEEEING.
  1599 | D:2      | 1599 ||| FLEEEEING.
  1600 | D:2      | 1600 ||| FLEEEEING.
  1601 | D:2      | 1601 ||| FLEEEEING.
  1602 | D:2      | 1602 ||| FLEEEEING.
  1603 | D:2      | 1603 ||| FLEEEEING.
  1604 | D:2      | 1604 ||| FLEEEEING.
  1605 | D:2      | 1605 ||| FLEEEEING.
  1606 | D:2      | 1606 ||| FLEEEEING.
  1607 | D:2      | 1607 ||| FLEEEEING.
  1608 | D:2      | 1608 ||| FLEEEEING.
  1609 | D:2      | 1609 ||| FLEEEEING.
  1610 | D:2      | 1610 ||| FLEEEEING.
  1611 | D:2      | 1611 ||| FLEEEEING.
  1612 | D:2      | 1612 ||| FLEEEEING.
  1613 | D:2      | 1613 ||| FLEEEEING.
  1614 | D:2      | 1614 ||| FLEEEEING.
  1615 | D:2      | 1615 ||| FLEEEEING.
  1616 | D:2      | 1616 ||| FLEEEEING.
  1617 | D:2      | 1617 ||| FLEEEEING.
  1618 | D:2      | 1618 ||| FLEEEEING.
  1619 | D:2      | 1619 ||| FLEEEEING.
  1620 | D:2      | 1620 ||| FLEEEEING.
  1621 | D:2      | 1621 ||| FLEEEEING.
  1622 | D:2      | 1622 ||| FLEEEEING.
  1623 | D:2      | 1623 ||| FLEEEEING.
  1624 | D:2      | 1624 ||| FLEEEEING.
  1625 | D:2      | 1625 ||| FLEEEEING.
  1626 | D:2      | 1626 ||| FLEEEEING.
  1627 | D:2      | 1627 ||| FLEEEEING.
  1628 | D:2      | 1628 ||| FLEEEEING.
  1629 | D:2      | 1629 ||| FLEEEEING.
  1629 | D:2      | HP: 4/18 [constriction (1)]
  1630 | D:2      | 1630 ||| FLEEEEING.
  1631 | D:2      | 1631 ||| FLEEEEING.
  1632 | D:2      | 1632 ||| FLEEEEING.
  1633 | D:2      | 1633 ||| FLEEEEING.
  1634 | D:2      | 1634 ||| FLEEEEING.
  1635 | D:2      | 1635 ||| FLEEEEING.
  1709 | D:3      | 1709 ||| STAIRDANCE
  1729 | D:3      | Killed Sigmund
  1730 | D:3      | Reached skill level 6 in Ranged Weapons
  1730 | D:3      | Reached XP level 4. HP: 22/22 MP: 5/5
  1730 | D:3      | Reached XP level 5. HP: 25/25 MP: 6/6
  1770 | D:3      | Noticed Terence
  1770 | D:3      | Noticed Ijyb
  1782 | D:3      | HP: 5/25 [Ijyb/+0 dagger (2)]
  1785 | D:3      | Killed Terence
  1789 | D:3      | HP: 3/25 [Ijyb/+0 dagger (3)]
  1791 | D:3      | HP: 1/25 [Ijyb/+0 dagger (2)]
  1793 | D:3      | Slain by Ijyb

Levels and vault maps discovered:
D:1:      tarquinn_simple_flora_water_d, layout_basic
D:2:      layout_loops_ring
D:3:      layout_basic, uniq_terence, uniq_ijyb, uniq_sigmund

Skill      XL: |  1  2  3 |
---------------+----------+-----
Dodging        | 3 4 |  4.7
Ranged Weapons | 6 |  6.5
Fighting       | |  1.5
Stealth        | |  1.5

Action                     |  1- 3 |  4- 6 || total
---------------------------+-------+-------++-------
  Melee: Unarmed           |     1 |       ||     1
   Fire: Shortbow          |   147 |    32 ||   179
    Use: Scroll            |     5 |       ||     5
         Potion            |     2 |       ||     2
 Armour: Robe              |    43 |    16 ||    59
         Skin              |    15 |       ||    15
  Dodge: Dodged            |   206 |    32 ||   238

Table legend:
 A = Non-vault XP
 B = Vault XP
 C = Vault XP percentage of total XP
 D = Non-vault monster count
 E = Vault monster count
 F = Vault count percentage of total count
                 A         B        C        D         E       F
            +---------+---------+-------+---------+---------+-------
      Total |     100 |     250 |  71.4 |      46 |       2 |   4.2
            +---------+---------+-------+---------+---------+-------
        D:1 |      29 |       0 |   0.0 |      15 |       0 |   0.0
        D:2 |      49 |       0 |   0.0 |      27 |       0 |   0.0
        D:3 |      22 |     250 |  91.9 |       4 |       2 |  33.3
            +---------+---------+-------+---------+---------+-------
